General information
- name: BNet
- type: Ladder team game (AT/RT)
- host: Battle.net
- saver: bLinn
map: RiverOfSouls
- players: 6
- length: 17:13
- speed: Fast
- version: 1.21 W3XP
- replay type:

» download(131 KB)
Players
team 1 (loser)
blindsided-x (
pink | 86 APM | 1403 actions | 16:23)
2 Demon Hunter
1 Mana Burn
1 Evasion
» actions
| Assign group hotkey | 15 | |
| Build / train | 53 | |
| Enter build submenu | 12 | |
| Enter hero's abilities submenu | 2 | |
| Remove unit from queue | 5 | |
| Right click | 980 | |
| Select / deselect | 287 | |
| Select group hotkey | 15 | |
| Use ability | 34 | |
1403 total
» units
| Wisp | 15 | |
| Huntress | 6 | |
| Glaive Thrower | 2 | |
| Dryad | 6 | |
| Druid of the Claw | 3 | |
32 total
» upgrades
| Moon Armor | 1 | |
| Strength of the Moon | 1 | |
| Druid of the Claw Training | 2 | |
| Strength of the Wild | 2 | |
| Reinforced Hides | 1 | |
| Mark of the Claw | 1 | |
8 total
» buildings
| Altar of Elders | 1 | |
| Moon Well | 7 | |
| Ancient of War | 1 | |
| Hunter's Hall | 1 | |
| Tree of Ages | 1 | |
| Ancient of Lore | 2 | |
| Tree of Eternity | 1 | |
14 total
» build order
00:04 Altar of Elders
00:21 Moon Well
00:34 Ancient of War
01:47 Hunter's Hall
02:02 Moon Well
03:07 Tree of Ages
03:45 Moon Well
05:24 Moon Well
06:20 Ancient of Lore
06:24 Moon Well
07:21 Ancient of Lore
10:39 Tree of Eternity
12:09 Moon Well
13:08 Moon Well
» items
| Boots of Speed | 1 | |
| Potion of Lesser Invulnerability | 1 | |
2 total
s-e-a-n (
green | 88 APM | 1523 actions | 17:12)
2 Archmage
1 Summon Water Elemental
1 Brilliance Aura
» actions
| Assign group hotkey | 25 | |
| Basic commands | 19 | |
| Build / train | 33 | |
| Enter build submenu | 17 | |
| Enter hero's abilities submenu | 2 | |
| Right click | 786 | |
| Select / deselect | 220 | |
| Select group hotkey | 387 | |
| Use ability | 34 | |
1523 total
» units
| Peasant | 8 | |
| Rifleman | 5 | |
| Mortar Team | 6 | |
| Siege Engine | 4 | |
23 total
» upgrades
» buildings
| Altar of Kings | 1 | |
| Farm | 9 | |
| Barracks | 1 | |
| Blacksmith | 1 | |
| Keep | 1 | |
| Lumber Mill | 1 | |
| Workshop | 3 | |
| Castle | 1 | |
18 total
» build order
00:07 Altar of Kings
00:22 Farm
01:16 Barracks
01:22 Blacksmith
01:34 Farm
03:16 Keep
03:26 Farm
03:34 Farm
05:26 Lumber Mill
05:53 Workshop
05:56 Workshop
06:18 Workshop
06:27 Farm
06:32 Farm
07:25 Farm
07:34 Castle
10:31 Farm
10:33 Farm
» items
tree4 (
purple | 41 APM | 680 actions | 16:31)
2 Warden
1 Shadow Strike
1 Blink
» actions
| Basic commands | 1 | |
| Build / train | 45 | |
| Enter build submenu | 13 | |
| Enter hero's abilities submenu | 2 | |
| Remove unit from queue | 3 | |
| Right click | 281 | |
| Select / deselect | 282 | |
| Use ability | 53 | |
680 total
» units
| Wisp | 11 | |
| Huntress | 8 | |
| Glaive Thrower | 4 | |
| Druid of the Claw | 7 | |
30 total
» upgrades
| Reinforced Hides | 3 | |
| Druid of the Claw Training | 2 | |
| Mark of the Claw | 1 | |
| Vorpal Blades | 0 | |
| Strength of the Wild | 1 | |
7 total
» buildings
| Altar of Elders | 1 | |
| Moon Well | 8 | |
| Ancient of War | 1 | |
| Hunter's Hall | 1 | |
| Tree of Ages | 1 | |
| Ancient of Lore | 2 | |
| Tree of Eternity | 1 | |
15 total
» build order
00:04 Altar of Elders
00:21 Moon Well
01:16 Ancient of War
01:34 Moon Well
01:57 Hunter's Hall
02:47 Tree of Ages
04:52 Moon Well
05:23 Ancient of Lore
05:47 Moon Well
06:20 Tree of Eternity
09:42 Ancient of Lore
10:55 Moon Well
11:31 Moon Well
13:33 Moon Well
14:28 Moon Well
team 2 (winner)
bLinn (
orange | 102 APM | 1764 actions | 17:13)
3 Blademaster
2 Wind Walk
1 Critical Strike
» actions
| Assign group hotkey | 108 | |
| Basic commands | 1 | |
| Build / train | 53 | |
| ESC pressed | 2 | |
| Enter build submenu | 47 | |
| Enter hero's abilities submenu | 3 | |
| Give item / drop item | 1 | |
| Remove unit from queue | 3 | |
| Right click | 1052 | |
| Select / deselect | 196 | |
| Select group hotkey | 210 | |
| Use ability | 88 | |
1764 total
» units
» upgrades
| Spiked Barricades | 1 | |
| Armor | 2 | |
| Ranged Weapons | 2 | |
| Liquid Fire | 1 | |
| Reinforced Defenses | 1 | |
7 total
» buildings
| Altar of Storms | 1 | |
| Orc Burrow | 4 | |
| War Mill | 1 | |
| Watch Tower | 34 | |
| Voodoo Lounge | 2 | |
| Stronghold | 4 | |
| Beastiary | 2 | |
| Fortress | 2 | |
50 total
» build order
00:02 Altar of Storms
00:12 Orc Burrow
00:21 War Mill
01:45 Watch Tower
01:47 Watch Tower
02:06 Orc Burrow
02:31 Watch Tower
03:05 Watch Tower
03:09 Watch Tower
03:55 Voodoo Lounge
04:08 Watch Tower
04:14 Watch Tower
04:44 Stronghold
04:45 Stronghold
04:45 Stronghold
04:45 Stronghold
05:03 Watch Tower
05:10 Watch Tower
05:15 Watch Tower
05:25 Watch Tower
06:26 Watch Tower
06:39 Watch Tower
06:43 Watch Tower
07:14 Beastiary
07:15 Beastiary
07:50 Watch Tower
07:52 Watch Tower
07:54 Watch Tower
08:43 Fortress
09:17 Watch Tower
09:18 Watch Tower
09:19 Watch Tower
09:21 Watch Tower
09:36 Voodoo Lounge
10:20 Orc Burrow
10:29 Watch Tower
10:29 Watch Tower
10:52 Watch Tower
12:49 Watch Tower
12:56 Watch Tower
12:58 Watch Tower
13:04 Watch Tower
14:06 Orc Burrow
14:59 Watch Tower
15:02 Watch Tower
15:08 Watch Tower
15:10 Watch Tower
15:11 Watch Tower
15:12 Watch Tower
» items
| Boots of Speed | 1 | |
| Staff of Teleportation | 1 | |
| Healing Salve | 1 | |
| Lesser Clarity Potion | 4 | |
| Orb of Lightning | 2 | |
| Scroll of Town Portal | 1 | |
10 total
Iceberg-Slim (
red | 109 APM | 1873 actions | 17:13)
3 Warden
2 Shadow Strike
1 Blink
2 Pandaren Brewmaster
1 Breath of Fire
1 Drunken Haze
» actions
| Assign group hotkey | 14 | |
| Basic commands | 55 | |
| Build / train | 59 | |
| Enter build submenu | 19 | |
| Enter hero's abilities submenu | 5 | |
| Right click | 1128 | |
| Select / deselect | 290 | |
| Select group hotkey | 244 | |
| Use ability | 59 | |
1873 total
» units
» upgrades
| Ultravision | 1 | |
| Well Spring | 1 | |
| Strength of the Wild | 2 | |
| Reinforced Hides | 2 | |
| Corrosive Breath | 1 | |
7 total
» buildings
| Altar of Elders | 1 | |
| Moon Well | 10 | |
| Tree of Ages | 1 | |
| Tree of Life | 1 | |
| Hunter's Hall | 1 | |
| Ancient of Wonders | 1 | |
| Ancient of Lore | 1 | |
| Tree of Eternity | 1 | |
| Ancient of Wind | 1 | |
| Chimaera Roost | 2 | |
20 total
» build order
00:04 Altar of Elders
00:19 Moon Well
00:51 Moon Well
02:34 Moon Well
03:12 Moon Well
03:56 Moon Well
04:48 Tree of Ages
05:06 Moon Well
05:17 Tree of Life
06:47 Moon Well
07:14 Hunter's Hall
08:02 Moon Well
08:12 Ancient of Wonders
08:41 Ancient of Lore
08:44 Tree of Eternity
08:58 Moon Well
09:34 Moon Well
10:17 Ancient of Wind
11:24 Chimaera Roost
11:27 Chimaera Roost
» items
| Staff of Teleportation | 2 | |
| Boots of Speed | 2 | |
| Orb of Venom | 1 | |
| Orb of Lightning | 1 | |
6 total
TIMG4STRok (
yellow | 98 APM | 1681 actions | 17:13)
1 Archmage
1 Blizzard
2 Mountain King
1 Storm Bolt
1 Bash
1 Pandaren Brewmaster
1 Breath of Fire
» actions
| Assign group hotkey | 5 | |
| Basic commands | 25 | |
| Build / train | 66 | |
| ESC pressed | 1 | |
| Enter build submenu | 45 | |
| Enter hero's abilities submenu | 4 | |
| Right click | 840 | |
| Select / deselect | 152 | |
| Select group hotkey | 417 | |
| Use ability | 126 | |
1681 total
» units
» upgrades
| Masonry | 3 | |
| Magic Sentry | 1 | |
| Lumber Harvesting | 1 | |
5 total
» buildings
| Altar of Kings | 1 | |
| Lumber Mill | 2 | |
| Farm | 2 | |
| Scout Tower | 54 | |
| Arcane Tower | 1 | |
| Guard Tower | 25 | |
| Arcane Vault | 1 | |
| Town Hall | 1 | |
| Keep | 1 | |
| Arcane Sanctum | 1 | |
| Castle | 1 | |
90 total
» build order
00:09 Altar of Kings
00:14 Lumber Mill
00:24 Farm
00:55 Scout Tower
01:03 Farm
01:22 Arcane Tower
01:24 Scout Tower
01:50 Scout Tower
01:52 Guard Tower
02:17 Scout Tower
02:21 Guard Tower
02:23 Scout Tower
02:28 Arcane Vault
03:01 Guard Tower
03:03 Scout Tower
03:05 Scout Tower
03:41 Guard Tower
03:44 Scout Tower
03:54 Town Hall
04:02 Scout Tower
04:14 Guard Tower
04:20 Scout Tower
04:30 Scout Tower
04:33 Guard Tower
04:37 Scout Tower
04:38 Scout Tower
04:38 Scout Tower
05:07 Guard Tower
05:16 Guard Tower
05:18 Keep
05:21 Guard Tower
05:24 Scout Tower
06:17 Guard Tower
06:18 Scout Tower
06:46 Scout Tower
06:47 Scout Tower
06:50 Guard Tower
06:52 Scout Tower
07:28 Guard Tower
07:32 Scout Tower
07:35 Scout Tower
07:35 Scout Tower
07:36 Scout Tower
07:37 Scout Tower
07:46 Arcane Sanctum
07:57 Guard Tower
08:01 Scout Tower
08:02 Scout Tower
08:03 Scout Tower
08:50 Guard Tower
08:59 Castle
09:26 Guard Tower
09:52 Guard Tower
09:55 Scout Tower
10:01 Scout Tower
10:26 Scout Tower
10:27 Scout Tower
10:28 Guard Tower
10:55 Guard Tower
11:20 Guard Tower
12:30 Scout Tower
12:31 Scout Tower
13:01 Scout Tower
13:02 Scout Tower
13:04 Guard Tower
13:07 Scout Tower
13:08 Scout Tower
13:53 Guard Tower
14:42 Guard Tower
14:45 Guard Tower
14:47 Scout Tower
14:49 Scout Tower
14:50 Scout Tower
14:50 Scout Tower
14:51 Scout Tower
14:52 Scout Tower
14:53 Scout Tower
15:00 Lumber Mill
15:04 Scout Tower
15:04 Scout Tower
15:06 Scout Tower
15:06 Scout Tower
15:08 Scout Tower
15:09 Scout Tower
15:11 Scout Tower
15:13 Scout Tower
15:14 Scout Tower
15:15 Scout Tower
16:02 Guard Tower
16:33 Guard Tower
» items
| Boots of Speed | 2 | |
| Staff of Teleportation | 2 | |
| Scroll of Regeneration | 3 | |
| Staff of Sanctuary | 1 | |
8 total
Chat log
(00:11 / All) s-e-a-n: hello niggers!
(00:18 / All) TIMG4STRok: hush
(00:24 / All) bLinn: racist language not welcome.
(00:34 / All) tree4: orly?
(00:35 / All) s-e-a-n: ^coon
(00:36 / All) blindsided-x: my bad coonface
(00:45 / All) TIMG4STRok: gl hf
(00:49 / All) tree4: kkk
(00:56 / All) s-e-a-n: id say glhf but niggers have no luck
(00:57 / All) s-e-a-n: or fun
(01:05 / All) Iceberg-Slim: gl hf
(01:09 / All) s-e-a-n: gg
(02:18 / All) bLinn: Sonika... that is Akinos backwards; interesting, no?
(02:34 / All) tree4: no
(02:34 / All) s-e-a-n: are those tribal coon names?
(05:12 / All) TIMG4STRok: Hello
(07:43 / All) bLinn: lol.
(07:50 / All) TIMG4STRok: niggers leave
(07:54 / All) s-e-a-n: lol
(08:55 / All) bLinn: Peace.
(09:03 / All) TIMG4STRok: leave
(16:10 / All) s-e-a-n: gg tree wins dumb fuck of the century award
(16:13 / All) TIMG4STRok: l;eave
(16:16 / All) s-e-a-n: no
(16:18 / All) bLinn: quiet and leave bad manner racists
(16:26 / All) TIMG4STRok: gg you win shittiest team of the world award
(16:27 / All) s-e-a-n: im not racist, im logical
(16:34 / All) TIMG4STRok: leave
(16:37 / All) TIMG4STRok: bye
(16:40 / All) s-e-a-n: nah
(16:42 / All) TIMG4STRok: ty easy win
(16:44 / All) TIMG4STRok: i make 0 units
(16:45 / All) s-e-a-n: lol
(16:55 / All) s-e-a-n: gg, but niggers suck
(16:59 / All) s-e-a-n: and if you're niggers
(17:03 / All) s-e-a-n: i hope you roast in hell
(17:04 / All) TIMG4STRok: bye
(17:05 / All) Iceberg-Slim: bow
(17:08 / All) bLinn: bow to the black man
(17:09 / All) TIMG4STRok: bye
(17:11 / All) TIMG4STRok: leave